Saguenéens vs Senators
Created - 5 décembre 2016 at 19:13
Goals
|
Saguenéens |
1 |
2 |
3 |
6 |
Senators |
1 |
0 |
1 |
2 |
|
Shots
|
Saguenéens |
8 |
15 |
11 |
34 |
Senators |
11 |
7 |
9 |
27 |
|
1st period
1. Saguenéens , Carl Hagelin 4 (Brett Lebda) at 16:26
2. Senators , Jack Skille 6 (Gabriel Bourque, Jeff Petry) at 17:52
Penalties :
Jaden Schwartz (BIN) for Interference (Minor) at 5:36, Rickard Rakell (Chi) for Tripping (Minor) at 11:15
2nd period
3. Saguenéens , Rhett Rakhshani 1 (Craig Cunningham, Oscar Klefbom) at 1:16
4. Saguenéens , Tyler Kennedy 11 (Brett Lebda, Kyle Brodziak) at 18:46
Penalties :
Roman Josi (Chi) for Roughing (Minor) at 2:29, Matt Frattin (BIN) for Tripping (Minor) at 12:00, Tyler Pitlick (Chi) for Diving (Minor) at 14:41, Logan Stephenson (BIN) for Interference (Minor) at 18:56
3rd period
5. Senators , Josh Hennessy 4 (Gabriel Bourque, Jack Skille) at 1:58
6. Saguenéens , Juraj Mikus 8 (Carl Hagelin) at 7:50
7. Saguenéens , Mason Raymond 12 (Brett Lebda, Tyler Kennedy) at 16:58 (PP)
8. Saguenéens , Mason Raymond 13 (Tyler Kennedy, Kyle Brodziak) at 17:11 (PP)
Penalties :
Josh Hennessy (BIN) for Hooking (Minor) at 5:35, Mason Raymond (Chi) for Holding (Minor) at 12:57, Nicolas Deslauriers (BIN) for Tripping (Minor) at 16:41, Logan Stephenson (BIN) for Cross-checking (Minor) at 16:59
Goalie Stats
Mike Smith (Chi), 25 saves from 27 shots - (0,926), W, 10-6-1, 60:00 minutes
Marc Denis (BIN), 28 saves from 34 shots - (0,824), L, 2-2-0, 60:00 minutes
Players Stats for Saguenéens
Player Name G A P +/- PIM S H SB GA TA FO MP PP MP PK MP
------------------------------------------------------------------------------------
Brendan Ranford 0 0 0 0 0 0 0 0 0 0 0/0 0:00 0:00 0:00
Brett Lebda 0 3 3 1 0 3 5 2 1 0 0/0 24:38 5:28 4:30
Carl Hagelin 1 1 2 1 0 4 0 0 0 0 0/0 11:32 0:00 0:00
Craig Cunningham 0 1 1 0 0 0 0 1 0 0 0/0 8:59 0:00 2:25
Dalton Prout 0 0 0 -1 0 0 1 0 0 1 0/0 17:28 2:57 3:26
Erik Haula 0 0 0 0 0 2 0 0 0 0 2/4 16:52 3:00 1:44
Jerry D'Amigo 0 0 0 0 0 0 0 0 0 0 0/1 2:29 0:00 2:14
Juraj Mikus 1 0 1 1 0 3 1 0 2 0 4/7 11:32 0:00 0:00
Justin Florek 0 0 0 0 0 0 0 0 0 0 0/0 0:53 0:10 0:00
Kevin Marshall 0 0 0 1 0 2 5 3 0 0 0/0 24:38 5:28 4:30
Kyle Brodziak 0 2 2 1 0 1 3 1 0 0 12/34 21:08 5:21 3:09
Luke Witkowski 0 0 0 2 0 1 0 2 0 1 0/0 11:24 0:00 0:00
Mason Raymond 2 0 2 1 2 2 2 2 0 1 0/1 19:41 5:21 1:37
Nick Mattson 0 0 0 0 0 0 0 0 0 0 0/0 6:30 0:00 0:00
Oscar Klefbom 0 1 1 2 0 1 0 1 0 0 0/0 12:11 0:00 0:47
Rhett Rakhshani 1 0 1 0 0 2 0 0 1 0 0/0 6:34 0:00 0:00
Rickard Rakell 0 0 0 0 2 0 1 1 0 0 1/4 7:32 0:00 0:51
Roman Josi 0 0 0 -1 2 0 1 1 0 2 0/0 16:41 2:57 2:39
Sam Carrick 0 0 0 0 0 0 0 0 0 0 0/0 0:00 0:00 0:00
Spencer Machacek 0 0 0 0 0 3 1 1 1 0 0/0 14:53 2:54 0:00
Teemu Pulkkinen 0 0 0 0 0 0 0 0 0 0 0/0 1:12 0:04 0:37
Tim Kennedy 0 0 0 0 0 4 0 0 2 0 1/3 15:06 3:00 0:00
Trevor Van Riemsdyk 0 0 0 0 0 0 1 0 0 0 0/0 6:30 0:00 0:00
Tyler Kennedy 1 2 3 1 0 4 2 2 1 0 1/3 21:16 5:21 3:15
Tyler Pitlick 0 0 0 1 2 2 1 0 0 0 0/0 12:21 0:04 0:00
Players Stats for Senators
Player Name G A P +/- PIM S H SB GA TA FO MP PP MP PK MP
------------------------------------------------------------------------------------
Andy Hilbert 0 0 0 0 0 2 0 0 0 0 1/1 15:21 2:46 5:34
Arturs Kulda 0 0 0 0 0 0 0 0 0 0 0/0 0:11 0:00 0:00
Cody Hodgson 0 0 0 -3 0 2 2 2 0 1 10/18 20:31 4:17 1:59
Gabriel Bourque 0 2 2 2 0 2 0 1 0 0 3/3 14:00 0:39 0:52
Jack Skille 1 1 2 2 0 3 0 0 1 0 0/1 14:38 3:23 0:00
Jaden Schwartz 0 0 0 -1 2 0 1 1 1 1 1/1 11:16 0:30 0:00
Jeff Petry 0 1 1 -1 0 0 0 1 0 1 0/0 20:03 2:20 3:27
Josh Hennessy 1 0 1 1 2 2 1 0 0 1 8/11 14:53 3:23 0:00
Logan Stephenson 0 0 0 0 4 3 2 0 1 0 0/0 25:41 5:03 3:27
Marc-André Bernier 0 0 0 0 0 0 1 0 0 0 0/0 7:04 0:00 0:00
Mark Olver 0 0 0 0 0 2 0 0 0 0 2/2 8:29 0:00 1:13
Martin Marincin 0 0 0 -1 0 0 0 0 0 1 0/0 12:32 0:33 0:00
Matt Frattin 0 0 0 -1 2 2 1 0 0 1 0/0 10:46 0:16 0:00
Nick Bjugstad 0 0 0 -1 0 0 0 0 1 0 1/4 10:31 0:00 0:08
Nicolas Deslauriers 0 0 0 -1 2 0 0 2 0 0 0/0 14:02 0:33 1:31
Patrick Wey 0 0 0 -1 0 0 3 1 0 0 0/0 20:03 2:20 3:27
Sergei Kostitsyn 0 0 0 -2 0 3 0 0 0 1 5/11 23:30 4:17 5:05
Shane Sims 0 0 0 0 0 1 1 0 1 0 0/0 27:14 5:03 4:58
Stanislav Chistov 0 0 0 -3 0 5 0 1 0 1 5/5 20:44 4:17 1:59
3 Stars
1 - Tyler Kennedy (Chi)
2 - Brett Lebda (Chi)
3 - Mason Raymond (Chi)
Power Play
Saguenéens - 2 on 6 Attempt(s) - 33,33%
Senators - 0 on 4 Attempt(s) - 0,00%
Penalty Kill
Saguenéens - 4 on 4 Attempt(s) - 100,00%
- Score 0 goal in Penalty Kill
Senators - 4 on 6 Attempt(s) - 66,67%
- Score 0 goal in Penalty Kill
Team Stat
Saguenéens - Hits : 24 - Faceoff Wins : 21 - Blocked Shots : 17 - Penalty Minutes : 8
Senators - Hits : 12 - Faceoff Wins : 36 - Blocked Shots : 9 - Penalty Minutes : 12
Official
Referees : Leggo Mike and Kowal Tom
Linesman : Derek Nansen and Mark Shewchyk
Game Notes
No Game Note
Finance
Level 1 -- Attendance: 1464 (73,20%) -- Ticket Income 40 992 $
Level 2 -- Attendance: 768 (76,80%) -- Ticket Income 7 680 $
Total Attendance: 2232 (74,40%)
Total Ticket Income: 48 672 $
Other Income: 2 434 $
Total Income: 51 106 $
Saguenéens
5 vs 5 Forward
Center Left Wing Right Wing Time % Phy DF OF
1 Kyle Brodziak Mason Raymond Tyler Kennedy 40 1 2 2
2 Erik Haula Tim Kennedy Spencer Machacek 30 1 2 2
3 Juraj Mikus Carl Hagelin Tyler Pitlick 20 1 2 2
4 Rickard Rakell Craig Cunningham Rhett Rakhshani 10 1 2 2
5 vs 5 Defense
Defense Defense Time % Phy DF OF
1 Brett Lebda Kevin Marshall 40 1 2 2
2 Dalton Prout Roman Josi 30 1 2 2
3 Luke Witkowski Oscar Klefbom 20 1 2 2
4 Nick Mattson Trevor Van Riemsdyk 10 1 2 2
PowerPlay Forward
Center Left Wing Right Wing Time % Phy DF OF
1 Kyle Brodziak Mason Raymond Tyler Kennedy 60 1 2 2
2 Erik Haula Tim Kennedy Spencer Machacek 40 1 2 2
PowerPlay Defense
Defense Defense Time % Phy DF OF
1 Brett Lebda Kevin Marshall 60 1 2 2
2 Dalton Prout Roman Josi 40 1 2 2
Penalty Kill 4 Players Forward
Center Wing Time % Phy DF OF
1 Tyler Kennedy Kyle Brodziak 60 1 2 2
2 Mason Raymond Erik Haula 40 1 2 2
Penalty Kill 4 Players Defense
Defense Defense Time % Phy DF OF
1 Brett Lebda Kevin Marshall 60 1 2 2
2 Dalton Prout Roman Josi 40 1 2 2
Penalty Kill - 3 Players Forward
Forward Time % Phy DF OF
1 Tyler Kennedy 60 1 2 2
2 Kyle Brodziak 40 1 2 2
Penalty Kill - 3 Players Defense
Defense Defense Time % Phy DF OF
1 Brett Lebda Kevin Marshall 60 1 2 2
2 Dalton Prout Roman Josi 40 1 2 2
4 vs 4 Forward
Center Wing Time % Phy DF OF
1 Tyler Kennedy Kyle Brodziak 60 1 2 2
2 Mason Raymond Erik Haula 40 1 2 2
4 vs 4 Defense
Defense Defense Time % Phy DF OF
1 Brett Lebda Kevin Marshall 60 1 2 2
2 Dalton Prout Roman Josi 40 1 2 2
Last Minutes Offensive
Center Left Wing Right Wing Defense Defense
Kyle Brodziak Mason Raymond Tyler Kennedy Brett Lebda Kevin Marshall
Last Minutes Defensive
Center Left Wing Right Wing Defense Defense
Kyle Brodziak Mason Raymond Tyler Kennedy Brett Lebda Kevin Marshall
Goaltenders
Starting : Mike Smith
Backup : Martin Jones
Extra Forwards
Normal : Justin Florek, Teemu Pulkkinen, Jerry D'Amigo - PP : Justin Florek, Teemu Pulkkinen - PK : Jerry D'Amigo
Extra Defensemen
Normal : Luke Witkowski, Oscar Klefbom, Nick Mattson - PP : Luke Witkowski - PK : Oscar Klefbom, Nick Mattson
Penalty Shots
Tyler Kennedy, Kyle Brodziak, Mason Raymond, Erik Haula, Spencer Machacek
Senators
5 vs 5 Forward
Center Left Wing Right Wing Time % Phy DF OF
1 Cody Hodgson Sergei Kostitsyn Stanislav Chistov 40 1 2 2
2 Josh Hennessy Gabriel Bourque Jack Skille 30 1 2 2
3 Nick Bjugstad Jaden Schwartz Matt Frattin 20 1 2 2
4 Mark Olver Andy Hilbert Marc-André Bernier 10 1 2 2
5 vs 5 Defense
Defense Defense Time % Phy DF OF
1 Logan Stephenson Shane Sims 40 1 2 2
2 Jeff Petry Patrick Wey 30 1 2 2
3 Martin Marincin Nicolas Deslauriers 20 1 2 2
4 Logan Stephenson Shane Sims 10 1 2 2
PowerPlay Forward
Center Left Wing Right Wing Time % Phy DF OF
1 Cody Hodgson Sergei Kostitsyn Stanislav Chistov 60 1 2 2
2 Josh Hennessy Andy Hilbert Jack Skille 40 1 2 2
PowerPlay Defense
Defense Defense Time % Phy DF OF
1 Logan Stephenson Shane Sims 60 1 2 2
2 Jeff Petry Patrick Wey 40 1 2 2
Penalty Kill 4 Players Forward
Center Wing Time % Phy DF OF
1 Sergei Kostitsyn Andy Hilbert 60 1 2 2
2 Cody Hodgson Stanislav Chistov 40 1 2 2
Penalty Kill 4 Players Defense
Defense Defense Time % Phy DF OF
1 Logan Stephenson Shane Sims 60 1 2 2
2 Jeff Petry Patrick Wey 40 1 2 2
Penalty Kill - 3 Players Forward
Forward Time % Phy DF OF
1 Sergei Kostitsyn 60 1 2 2
2 Andy Hilbert 40 1 2 2
Penalty Kill - 3 Players Defense
Defense Defense Time % Phy DF OF
1 Logan Stephenson Shane Sims 60 1 2 2
2 Jeff Petry Patrick Wey 40 1 2 2
4 vs 4 Forward
Center Wing Time % Phy DF OF
1 Sergei Kostitsyn Andy Hilbert 60 1 2 2
2 Cody Hodgson Stanislav Chistov 40 1 2 2
4 vs 4 Defense
Defense Defense Time % Phy DF OF
1 Logan Stephenson Shane Sims 60 1 2 2
2 Jeff Petry Patrick Wey 40 1 2 2
Last Minutes Offensive
Center Left Wing Right Wing Defense Defense
Cody Hodgson Sergei Kostitsyn Stanislav Chistov Logan Stephenson Shane Sims
Last Minutes Defensive
Center Left Wing Right Wing Defense Defense
Cody Hodgson Sergei Kostitsyn Stanislav Chistov Logan Stephenson Shane Sims
Goaltenders
Starting : Marc Denis
Backup : Jeff Frazee
Extra Forwards
Normal : Gabriel Bourque, Jaden Schwartz, Mark Olver - PP : Gabriel Bourque, Jaden Schwartz - PK : Mark Olver
Extra Defensemen
Normal : Martin Marincin, Nicolas Deslauriers, Jeff Petry - PP : Martin Marincin - PK : Nicolas Deslauriers, Jeff Petry
Penalty Shots
Sergei Kostitsyn, Andy Hilbert, Cody Hodgson, Stanislav Chistov, Josh Hennessy
% Time on Ice - Saguenéens
Lines # - Real PCT - Wanted PCT - Time Play
Normal Forward
1 - 30% - 40% - 13:07
2 - 28% - 30% - 12:26
3 - 26% - 20% - 11:32
4 - 15% - 10% - 6:34
Normal Defense
1 - 34% - 40% - 14:40
2 - 25% - 30% - 11:05
3 - 26% - 20% - 11:24
4 - 15% - 10% - 6:30
PP Forward
1 - 64% - 60% - 5:25
2 - 36% - 40% - 3:00
PP Defense
1 - 65% - 60% - 5:28
2 - 35% - 40% - 2:57
PK Forward
1 - 80% - 60% - 6:19
2 - 20% - 40% - 1:37
PK Defense
1 - 57% - 60% - 4:30
2 - 43% - 40% - 3:26
PK3 Forward
1 - 0% - 60%
2 - 0% - 40%
PK3 Defense
1 - 0% - 60%
2 - 0% - 40%
44 Forward
1 - 0% - 60%
2 - 0% - 40%
44 Defense
1 - 0% - 60%
2 - 0% - 40%
Last Minute Offensive - 0:00
Last Minute Defensive - 0:00
Total
Forward - 60:00
Defense - 60:00
|
% Time on Ice - Senators
Lines # - Real PCT - Wanted PCT - Time Play
Normal Forward
1 - 34% - 40% - 14:44
2 - 28% - 30% - 12:03
3 - 23% - 20% - 10:07
4 - 15% - 10% - 6:45
Normal Defense
1 - 38% - 40% - 16:26
2 - 33% - 30% - 14:16
3 - 28% - 20% - 12:10
4 - 2% - 10% - 0:47
PP Forward
1 - 57% - 60% - 4:33
2 - 43% - 40% - 3:23
PP Defense
1 - 71% - 60% - 5:36
2 - 29% - 40% - 2:20
PK Forward
1 - 76% - 60% - 6:26
2 - 24% - 40% - 1:59
PK Defense
1 - 59% - 60% - 4:58
2 - 41% - 40% - 3:27
PK3 Forward
1 - 0% - 60%
2 - 0% - 40%
PK3 Defense
1 - 0% - 60%
2 - 0% - 40%
44 Forward
1 - 0% - 60%
2 - 0% - 40%
44 Defense
1 - 0% - 60%
2 - 0% - 40%
Last Minute Offensive - 0:00
Last Minute Defensive - 0:00
Total
Forward - 60:00
Defense - 60:00
|
Play by Play
1st period
0:01 of 1st period - Kyle Brodziak wins face-off versus Cody Hodgson in neutral zone.
0:04 of 1st period - Wrist shot by Tyler Kennedy.
0:04 of 1st period - Shot Misses the Net.
0:06 of 1st period - Slapshot by Kevin Marshall.
0:06 of 1st period - Stopped by Marc Denis with a rebound.
0:21 of 1st period - Stanislav Chistov is hit by Kevin Marshall.
0:31 of 1st period - Slapshot by Roman Josi.
0:31 of 1st period - Shot Misses the Net.
0:34 of 1st period - Icing by Logan Stephenson.
0:35 of 1st period - Josh Hennessy wins face-off versus Tim Kennedy in Senators zone.
1:09 of 1st period - Snap shot by Josh Hennessy.
1:09 of 1st period - Stopped by Mike Smith without a rebound.
1:10 of 1st period - Juraj Mikus wins face-off versus Nick Bjugstad in Saguenéens zone.
1:10 of 1st period - Juraj Mikus is hit by Matt Frattin.
1:22 of 1st period - Slapshot by Carl Hagelin.
1:22 of 1st period - Shot Blocked by Patrick Wey.
3:27 of 1st period - Slapshot by Rhett Rakhshani.
3:27 of 1st period - Shot Misses the Net.
3:53 of 1st period - Slapshot by Jack Skille.
3:53 of 1st period - Stopped by Mike Smith without a rebound.
3:54 of 1st period - Kyle Brodziak wins face-off versus Cody Hodgson in Saguenéens zone.
3:59 of 1st period - Cody Hodgson is hit by Brett Lebda and loses puck.
4:08 of 1st period - Wrist shot by Stanislav Chistov.
4:08 of 1st period - Stopped by Mike Smith with a rebound.
4:10 of 1st period - Slapshot by Logan Stephenson.
4:10 of 1st period - Deflect By Cody Hodgson.
4:10 of 1st period - Stopped by Mike Smith without a rebound.
4:11 of 1st period - Nick Bjugstad wins face-off versus Juraj Mikus in Saguenéens zone.
4:12 of 1st period - Snap shot by Matt Frattin.
4:12 of 1st period - Shot Blocked by Kevin Marshall.
4:25 of 1st period - Backhand shot by Nick Bjugstad.
4:25 of 1st period - Deflect By Matt Frattin.
4:25 of 1st period - Stopped by Mike Smith with a rebound.
4:53 of 1st period - Roman Josi is hit by Jaden Schwartz and loses puck.
5:12 of 1st period - Snap shot by Jaden Schwartz.
5:12 of 1st period - Shot Misses the Net.
5:18 of 1st period - Wrist shot by Matt Frattin.
5:18 of 1st period - Stopped by Mike Smith with a rebound.
5:34 of 1st period - Wrist shot by Spencer Machacek.
5:34 of 1st period - Shot Misses the Net.
5:36 of 1st period - Minor Penalty to Jaden Schwartz for Interference.
5:37 of 1st period - Sergei Kostitsyn wins face-off versus Kyle Brodziak in Senators zone.
5:46 of 1st period - Logan Stephenson is hit by Tyler Kennedy.
6:18 of 1st period - Off-side.
6:19 of 1st period - Sergei Kostitsyn wins face-off versus Kyle Brodziak in neutral zone.
7:36 of 1st period - Penalty to Jaden Schwartz is over, Jaden Schwartz is back on ice.
7:40 of 1st period - Sergei Kostitsyn is hit by Brett Lebda.
8:10 of 1st period - Wrist shot by Gabriel Bourque.
8:10 of 1st period - Shot Misses the Net.
8:26 of 1st period - Slapshot by Shane Sims.
8:26 of 1st period - Shot Misses the Net.
8:28 of 1st period - Wrist shot by Jaden Schwartz.
8:28 of 1st period - Shot Misses the Net.
8:30 of 1st period - Slapshot by Logan Stephenson.
8:30 of 1st period - Stopped by Mike Smith with a rebound.
8:50 of 1st period - Jeff Petry is hit by Dalton Prout and loses puck.
9:54 of 1st period - Patrick Wey is hit by Kevin Marshall and loses puck.
10:07 of 1st period - Snap shot by Spencer Machacek.
10:07 of 1st period - Stopped by Marc Denis with a rebound.
10:09 of 1st period - Snap shot by Erik Haula.
10:09 of 1st period - Stopped by Marc Denis with a rebound.
10:19 of 1st period - Carl Hagelin is hit by Cody Hodgson and loses puck.
10:55 of 1st period - Backhand shot by Andy Hilbert.
10:55 of 1st period - Deflect By Dalton Prout.
10:55 of 1st period - Shot Misses the Net.
10:55 of 1st period - Puck is out of play.
10:56 of 1st period - Rickard Rakell wins face-off versus Cody Hodgson in Saguenéens zone.
11:07 of 1st period - Snap shot by Craig Cunningham.
11:07 of 1st period - Shot Misses the Net.
11:15 of 1st period - Minor Penalty to Rickard Rakell for Tripping.
11:16 of 1st period - Tyler Kennedy wins face-off versus Cody Hodgson in Saguenéens zone.
12:46 of 1st period - Stanislav Chistov is hit by Kevin Marshall and loses puck.
13:10 of 1st period - Slapshot by Stanislav Chistov.
13:10 of 1st period - Shot Blocked by Kyle Brodziak.
13:12 of 1st period - Snap shot by Stanislav Chistov.
13:12 of 1st period - Stopped by Mike Smith with a rebound.
13:15 of 1st period - Penalty to Rickard Rakell is over, Rickard Rakell is back on ice.
13:22 of 1st period - Wrist shot by Juraj Mikus.
13:22 of 1st period - Shot Misses the Net.
13:24 of 1st period - Slapshot by Nick Mattson.
13:24 of 1st period - Shot Blocked by Jeff Petry.
13:26 of 1st period - Snap shot by Tyler Pitlick.
13:26 of 1st period - Stopped by Marc Denis with a rebound.
13:28 of 1st period - Wrist shot by Carl Hagelin.
13:28 of 1st period - Stopped by Marc Denis without a rebound.
13:29 of 1st period - Josh Hennessy wins face-off versus Erik Haula in Senators zone.
13:35 of 1st period - Icing by Martin Marincin.
13:36 of 1st period - Tim Kennedy wins face-off versus Josh Hennessy in Senators zone.
13:56 of 1st period - Off-side.
13:57 of 1st period - Jaden Schwartz wins face-off versus Kyle Brodziak in neutral zone.
14:50 of 1st period - Off-side.
14:51 of 1st period - Stanislav Chistov wins face-off versus Kyle Brodziak in neutral zone.
16:26 of 1st period - Wrist shot by Carl Hagelin.
16:26 of 1st period - Goal by Carl Hagelin - Saguenéens : 1 - Senators : 0.
16:27 of 1st period - Josh Hennessy wins face-off versus Kyle Brodziak in neutral zone.
17:03 of 1st period - Snap shot by Sergei Kostitsyn.
17:03 of 1st period - Stopped by Mike Smith with a rebound.
17:05 of 1st period - Snap shot by Stanislav Chistov.
17:05 of 1st period - Stopped by Mike Smith without a rebound.
17:06 of 1st period - Mark Olver wins face-off versus Kyle Brodziak in Saguenéens zone.
17:31 of 1st period - Stanislav Chistov is hit by Spencer Machacek and loses puck.
17:52 of 1st period - Snap shot by Jack Skille.
17:52 of 1st period - Goal by Jack Skille - Saguenéens : 1 - Senators : 1.
17:53 of 1st period - Kyle Brodziak wins face-off versus Cody Hodgson in neutral zone.
18:25 of 1st period - Wrist shot by Josh Hennessy.
18:25 of 1st period - Shot Misses the Net.
18:45 of 1st period - Craig Cunningham is hit by Logan Stephenson and loses puck.
19:20 of 1st period - Brett Lebda is hit by Patrick Wey and loses puck.
19:50 of 1st period - Wrist shot by Tim Kennedy.
19:50 of 1st period - Stopped by Marc Denis with a rebound.
19:52 of 1st period - Wrist shot by Spencer Machacek.
19:52 of 1st period - Stopped by Marc Denis with a rebound.
Goals for this period are 1 for Saguenéens vs 1 for Senators.
Shots for this period are 8 for Saguenéens vs 11 for Senators.
2nd period
0:01 of 2nd period - Stanislav Chistov wins face-off versus Kyle Brodziak in neutral zone.
0:35 of 2nd period - Slapshot by Brett Lebda.
0:35 of 2nd period - Shot Misses the Net.
0:37 of 2nd period - Slapshot by Kevin Marshall.
0:37 of 2nd period - Shot Blocked by Cody Hodgson.
0:39 of 2nd period - Slapshot by Kevin Marshall.
0:39 of 2nd period - Stopped by Marc Denis with a rebound.
0:55 of 2nd period - Snap shot by Rhett Rakhshani.
0:55 of 2nd period - Stopped by Marc Denis without a rebound.
0:56 of 2nd period - Josh Hennessy wins face-off versus Rickard Rakell in Senators zone.
1:16 of 2nd period - Snap shot by Rhett Rakhshani.
1:16 of 2nd period - Goal by Rhett Rakhshani - Saguenéens : 2 - Senators : 1.
1:17 of 2nd period - Josh Hennessy wins face-off versus Kyle Brodziak in neutral zone.
1:20 of 2nd period - Wrist shot by Jack Skille.
1:20 of 2nd period - Shot Misses the Net.
1:22 of 2nd period - Snap shot by Gabriel Bourque.
1:22 of 2nd period - Shot Blocked by Mason Raymond.
1:24 of 2nd period - Snap shot by Gabriel Bourque.
1:24 of 2nd period - Shot Misses the Net.
1:26 of 2nd period - Slapshot by Shane Sims.
1:26 of 2nd period - Deflect By Gabriel Bourque.
1:26 of 2nd period - Stopped by Mike Smith without a rebound.
1:27 of 2nd period - Kyle Brodziak wins face-off versus Jack Skille in Saguenéens zone.
1:34 of 2nd period - Gabriel Bourque is hit by Kevin Marshall and loses puck.
1:47 of 2nd period - Snap shot by Kyle Brodziak.
1:47 of 2nd period - Deflect By Mason Raymond.
1:47 of 2nd period - Shot Misses the Net.
1:47 of 2nd period - Puck is out of play.
1:48 of 2nd period - Cody Hodgson wins face-off versus Tim Kennedy in Senators zone.
2:13 of 2nd period - Josh Hennessy is hit by Mason Raymond.
2:29 of 2nd period - Minor Penalty to Roman Josi for Roughing.
2:30 of 2nd period - Sergei Kostitsyn wins face-off versus Tyler Kennedy in Saguenéens zone.
2:31 of 2nd period - Wrist shot by Stanislav Chistov.
2:31 of 2nd period - Stopped by Mike Smith with a rebound.
2:33 of 2nd period - Snap shot by Stanislav Chistov.
2:33 of 2nd period - Shot Misses the Net.
2:35 of 2nd period - Slapshot by Logan Stephenson.
2:35 of 2nd period - Stopped by Mike Smith with a rebound.
4:20 of 2nd period - Andy Hilbert is hit by Brett Lebda and loses puck.
4:29 of 2nd period - Penalty to Roman Josi is over, Roman Josi is back on ice.
4:35 of 2nd period - Carl Hagelin is hit by Patrick Wey and loses puck.
4:54 of 2nd period - Mark Olver is hit by Trevor Van Riemsdyk and loses puck.
5:01 of 2nd period - Rickard Rakell is hit by Marc-André Bernier and loses puck.
7:20 of 2nd period - Slapshot by Cody Hodgson.
7:20 of 2nd period - Deflect By Sergei Kostitsyn.
7:20 of 2nd period - Shot Blocked by Luke Witkowski.
7:20 of 2nd period - Puck is out of play.
7:21 of 2nd period - Gabriel Bourque wins face-off versus Kyle Brodziak in Saguenéens zone.
7:32 of 2nd period - Wrist shot by Jack Skille.
7:32 of 2nd period - Shot Misses the Net.
7:46 of 2nd period - Wrist shot by Tim Kennedy.
7:46 of 2nd period - Shot Misses the Net.
7:48 of 2nd period - Slapshot by Luke Witkowski.
7:48 of 2nd period - Shot Misses the Net.
7:50 of 2nd period - Slapshot by Oscar Klefbom.
7:50 of 2nd period - Shot Misses the Net.
7:52 of 2nd period - Wrist shot by Tim Kennedy.
7:52 of 2nd period - Stopped by Marc Denis with a rebound.
7:58 of 2nd period - Snap shot by Tim Kennedy.
7:58 of 2nd period - Stopped by Marc Denis with a rebound.
8:08 of 2nd period - Jaden Schwartz is hit by Brett Lebda.
8:55 of 2nd period - Icing by Shane Sims.
8:56 of 2nd period - Josh Hennessy wins face-off versus Juraj Mikus in Senators zone.
9:28 of 2nd period - Slapshot by Mark Olver.
9:28 of 2nd period - Shot Blocked by Oscar Klefbom.
9:30 of 2nd period - Snap shot by Andy Hilbert.
9:30 of 2nd period - Stopped by Mike Smith with a rebound.
9:32 of 2nd period - Slapshot by Marc-André Bernier.
9:32 of 2nd period - Shot Blocked by Mason Raymond.
9:49 of 2nd period - Jeff Petry is hit by Kyle Brodziak and loses puck.
10:57 of 2nd period - Gabriel Bourque is hit by Tyler Pitlick and loses puck.
11:40 of 2nd period - Stanislav Chistov is hit by Tyler Kennedy.
12:00 of 2nd period - Minor Penalty to Matt Frattin for Tripping.
12:01 of 2nd period - Kyle Brodziak wins face-off versus Sergei Kostitsyn in Senators zone.
12:08 of 2nd period - Snap shot by Sergei Kostitsyn.
12:08 of 2nd period - Deflect By Andy Hilbert.
12:08 of 2nd period - Shot Misses the Net.
12:08 of 2nd period - Puck is out of play.
12:09 of 2nd period - Andy Hilbert wins face-off versus Kyle Brodziak in Saguenéens zone.
14:00 of 2nd period - Penalty to Matt Frattin is over, Matt Frattin is back on ice.
14:06 of 2nd period - Tyler Kennedy is hit by Logan Stephenson and loses puck.
14:17 of 2nd period - Wrist shot by Mark Olver.
14:17 of 2nd period - Stopped by Mike Smith with a rebound.
14:19 of 2nd period - Slapshot by Logan Stephenson.
14:19 of 2nd period - Shot Misses the Net.
14:21 of 2nd period - Wrist shot by Mark Olver.
14:21 of 2nd period - Shot Blocked by Tyler Kennedy.
14:23 of 2nd period - Snap shot by Mark Olver.
14:23 of 2nd period - Stopped by Mike Smith without a rebound.
14:24 of 2nd period - Cody Hodgson wins face-off versus Juraj Mikus in Saguenéens zone.
14:31 of 2nd period - Slapshot by Cody Hodgson.
14:31 of 2nd period - Shot Blocked by Brett Lebda.
14:35 of 2nd period - Snap shot by Sergei Kostitsyn.
14:35 of 2nd period - Stopped by Mike Smith with a rebound.
14:41 of 2nd period - Minor Penalty to Tyler Pitlick for Diving.
14:42 of 2nd period - Cody Hodgson wins face-off versus Tyler Kennedy in Saguenéens zone.
14:55 of 2nd period - Wrist shot by Sergei Kostitsyn.
14:55 of 2nd period - Shot Hit the Post.
14:57 of 2nd period - Wrist shot by Shane Sims.
14:57 of 2nd period - Shot Misses the Net.
16:41 of 2nd period - Penalty to Tyler Pitlick is over, Tyler Pitlick is back on ice.
16:51 of 2nd period - Snap shot by Erik Haula.
16:51 of 2nd period - Shot Misses the Net.
16:53 of 2nd period - Snap shot by Tim Kennedy.
16:53 of 2nd period - Stopped by Marc Denis with a rebound.
16:55 of 2nd period - Snap shot by Oscar Klefbom.
16:55 of 2nd period - Shot Blocked by Jaden Schwartz.
16:57 of 2nd period - Slapshot by Oscar Klefbom.
16:57 of 2nd period - Stopped by Marc Denis without a rebound.
16:58 of 2nd period - Juraj Mikus wins face-off versus Nick Bjugstad in Senators zone.
17:07 of 2nd period - Snap shot by Tyler Pitlick.
17:07 of 2nd period - Deflect By Juraj Mikus.
17:07 of 2nd period - Stopped by Marc Denis without a rebound.
17:08 of 2nd period - Juraj Mikus wins face-off versus Nick Bjugstad in Senators zone.
17:27 of 2nd period - Snap shot by Juraj Mikus.
17:27 of 2nd period - Stopped by Marc Denis with a rebound.
18:07 of 2nd period - Snap shot by Jaden Schwartz.
18:07 of 2nd period - Shot Misses the Net.
18:30 of 2nd period - Slapshot by Luke Witkowski.
18:30 of 2nd period - Stopped by Marc Denis with a rebound.
18:32 of 2nd period - Wrist shot by Carl Hagelin.
18:32 of 2nd period - Stopped by Marc Denis with a rebound.
18:34 of 2nd period - Snap shot by Juraj Mikus.
18:34 of 2nd period - Shot Misses the Net.
18:36 of 2nd period - Snap shot by Juraj Mikus.
18:36 of 2nd period - Shot Misses the Net.
18:38 of 2nd period - Slapshot by Oscar Klefbom.
18:38 of 2nd period - Deflect By Carl Hagelin.
18:38 of 2nd period - Shot Misses the Net.
18:38 of 2nd period - Puck is out of play.
18:39 of 2nd period - Kyle Brodziak wins face-off versus Cody Hodgson in Senators zone.
18:42 of 2nd period - Snap shot by Kyle Brodziak.
18:42 of 2nd period - Shot Blocked by Stanislav Chistov.
18:44 of 2nd period - Slapshot by Brett Lebda.
18:44 of 2nd period - Stopped by Marc Denis with a rebound.
18:46 of 2nd period - Wrist shot by Tyler Kennedy.
18:46 of 2nd period - Goal by Tyler Kennedy - Saguenéens : 3 - Senators : 1.
18:47 of 2nd period - Kyle Brodziak wins face-off versus Cody Hodgson in neutral zone.
18:53 of 2nd period - Off-side.
18:54 of 2nd period - Cody Hodgson wins face-off versus Kyle Brodziak in neutral zone.
18:56 of 2nd period - Minor Penalty to Logan Stephenson for Interference.
18:57 of 2nd period - Kyle Brodziak wins face-off versus Sergei Kostitsyn in Senators zone.
18:57 of 2nd period - Slapshot by Tyler Kennedy.
18:57 of 2nd period - Stopped by Marc Denis with a rebound.
18:59 of 2nd period - Slapshot by Kyle Brodziak.
18:59 of 2nd period - Shot Blocked by Nicolas Deslauriers.
19:01 of 2nd period - Slapshot by Kevin Marshall.
19:01 of 2nd period - Shot Blocked by Nicolas Deslauriers.
19:03 of 2nd period - Snap shot by Brett Lebda.
19:03 of 2nd period - Deflect By Andy Hilbert.
19:03 of 2nd period - Stopped by Marc Denis without a rebound.
19:04 of 2nd period - Kyle Brodziak wins face-off versus Sergei Kostitsyn in Senators zone.
19:21 of 2nd period - Sergei Kostitsyn is hit by Kyle Brodziak and loses puck.
19:30 of 2nd period - Snap shot by Tyler Kennedy.
19:30 of 2nd period - Shot Misses the Net.
19:58 of 2nd period - Cody Hodgson is hit by Kyle Brodziak and loses puck.
Goals for this period are 2 for Saguenéens vs 0 for Senators.
Shots for this period are 15 for Saguenéens vs 7 for Senators.
3rd period
0:01 of 3rd period - Sergei Kostitsyn wins face-off versus Kyle Brodziak in neutral zone.
0:09 of 3rd period - Shane Sims is hit by Kevin Marshall and loses puck.
0:56 of 3rd period - Penalty to Logan Stephenson is over, Logan Stephenson is back on ice.
1:33 of 3rd period - Icing by Craig Cunningham.
1:34 of 3rd period - Stanislav Chistov wins face-off versus Rickard Rakell in Saguenéens zone.
1:42 of 3rd period - Icing by Rickard Rakell.
1:43 of 3rd period - Josh Hennessy wins face-off versus Rickard Rakell in Saguenéens zone.
1:54 of 3rd period - Wrist shot by Gabriel Bourque.
1:54 of 3rd period - Stopped by Mike Smith with a rebound.
1:56 of 3rd period - Wrist shot by Gabriel Bourque.
1:56 of 3rd period - Shot Blocked by Craig Cunningham.
1:58 of 3rd period - Backhand shot by Josh Hennessy.
1:58 of 3rd period - Goal by Josh Hennessy - Saguenéens : 3 - Senators : 2.
1:59 of 3rd period - Stanislav Chistov wins face-off versus Kyle Brodziak in neutral zone.
2:09 of 3rd period - Snap shot by Sergei Kostitsyn.
2:09 of 3rd period - Shot Blocked by Brett Lebda.
2:11 of 3rd period - Wrist shot by Stanislav Chistov.
2:11 of 3rd period - Shot Blocked by Kevin Marshall.
2:13 of 3rd period - Slapshot by Logan Stephenson.
2:13 of 3rd period - Stopped by Mike Smith with a rebound.
2:15 of 3rd period - Slapshot by Shane Sims.
2:15 of 3rd period - Deflect By Cody Hodgson.
2:15 of 3rd period - Stopped by Mike Smith with a rebound.
2:32 of 3rd period - Icing by Tim Kennedy.
2:33 of 3rd period - Erik Haula wins face-off versus Sergei Kostitsyn in Saguenéens zone.
2:53 of 3rd period - Snap shot by Brett Lebda.
2:53 of 3rd period - Stopped by Marc Denis with a rebound.
2:55 of 3rd period - Snap shot by Spencer Machacek.
2:55 of 3rd period - Deflect By Tim Kennedy.
2:55 of 3rd period - Shot Misses the Net.
2:55 of 3rd period - Puck is out of play.
2:56 of 3rd period - Kyle Brodziak wins face-off versus Josh Hennessy in Senators zone.
2:59 of 3rd period - Snap shot by Kyle Brodziak.
2:59 of 3rd period - Stopped by Marc Denis with a rebound.
3:21 of 3rd period - Logan Stephenson is hit by Roman Josi and loses puck.
3:44 of 3rd period - Snap shot by Matt Frattin.
3:44 of 3rd period - Deflect By Jaden Schwartz.
3:44 of 3rd period - Shot Misses the Net.
3:44 of 3rd period - Puck is out of play.
3:45 of 3rd period - Juraj Mikus wins face-off versus Cody Hodgson in Saguenéens zone.
4:02 of 3rd period - Snap shot by Tyler Pitlick.
4:02 of 3rd period - Shot Misses the Net.
4:04 of 3rd period - Slapshot by Carl Hagelin.
4:04 of 3rd period - Stopped by Marc Denis with a rebound.
4:18 of 3rd period - Wrist shot by Juraj Mikus.
4:18 of 3rd period - Shot Misses the Net.
4:42 of 3rd period - Snap shot by Tyler Pitlick.
4:42 of 3rd period - Shot Misses the Net.
5:22 of 3rd period - Snap shot by Carl Hagelin.
5:22 of 3rd period - Shot Blocked by Cody Hodgson.
5:24 of 3rd period - Wrist shot by Tyler Pitlick.
5:24 of 3rd period - Stopped by Marc Denis without a rebound.
5:25 of 3rd period - Kyle Brodziak wins face-off versus Josh Hennessy in Senators zone.
5:26 of 3rd period - Snap shot by Tyler Kennedy.
5:26 of 3rd period - Stopped by Marc Denis without a rebound.
5:27 of 3rd period - Josh Hennessy wins face-off versus Kyle Brodziak in Senators zone.
5:35 of 3rd period - Minor Penalty to Josh Hennessy for Hooking.
5:36 of 3rd period - Mark Olver wins face-off versus Kyle Brodziak in Senators zone.
6:11 of 3rd period - Icing by Tim Kennedy.
6:12 of 3rd period - Erik Haula wins face-off versus Sergei Kostitsyn in Saguenéens zone.
7:35 of 3rd period - Penalty to Josh Hennessy is over, Josh Hennessy is back on ice.
7:50 of 3rd period - Snap shot by Juraj Mikus.
7:50 of 3rd period - Goal by Juraj Mikus - Saguenéens : 4 - Senators : 2.
7:51 of 3rd period - Gabriel Bourque wins face-off versus Kyle Brodziak in neutral zone.
8:00 of 3rd period - Snap shot by Tyler Kennedy.
8:00 of 3rd period - Deflect By Mason Raymond.
8:00 of 3rd period - Shot Misses the Net.
8:00 of 3rd period - Puck is out of play.
8:01 of 3rd period - Gabriel Bourque wins face-off versus Mason Raymond in Senators zone.
8:10 of 3rd period - Slapshot by Jack Skille.
8:10 of 3rd period - Stopped by Mike Smith with a rebound.
8:16 of 3rd period - Kyle Brodziak is hit by Josh Hennessy and loses puck.
8:57 of 3rd period - Wrist shot by Kyle Brodziak.
8:57 of 3rd period - Shot Blocked by Gabriel Bourque.
8:59 of 3rd period - Snap shot by Kyle Brodziak.
8:59 of 3rd period - Shot Misses the Net.
9:03 of 3rd period - Wrist shot by Tyler Kennedy.
9:03 of 3rd period - Shot Misses the Net.
9:05 of 3rd period - Wrist shot by Mason Raymond.
9:05 of 3rd period - Shot Misses the Net.
9:07 of 3rd period - Snap shot by Tyler Kennedy.
9:07 of 3rd period - Stopped by Marc Denis without a rebound.
9:08 of 3rd period - Stanislav Chistov wins face-off versus Erik Haula in Senators zone.
9:15 of 3rd period - Spencer Machacek is hit by Cody Hodgson and loses puck.
9:34 of 3rd period - Tim Kennedy is hit by Patrick Wey and loses puck.
11:43 of 3rd period - Wrist shot by Spencer Machacek.
11:43 of 3rd period - Shot Misses the Net.
11:45 of 3rd period - Wrist shot by Erik Haula.
11:45 of 3rd period - Shot Misses the Net.
11:47 of 3rd period - Snap shot by Spencer Machacek.
11:47 of 3rd period - Shot Misses the Net.
11:49 of 3rd period - Snap shot by Erik Haula.
11:49 of 3rd period - Stopped by Marc Denis with a rebound.
11:51 of 3rd period - Snap shot by Spencer Machacek.
11:51 of 3rd period - Stopped by Marc Denis without a rebound.
11:52 of 3rd period - Cody Hodgson wins face-off versus Kyle Brodziak in Senators zone.
11:52 of 3rd period - Cody Hodgson is hit by Mason Raymond.
12:57 of 3rd period - Minor Penalty to Mason Raymond for Holding.
12:58 of 3rd period - Cody Hodgson wins face-off versus Jerry D'Amigo in Saguenéens zone.
13:00 of 3rd period - Slapshot by Cody Hodgson.
13:00 of 3rd period - Shot Misses the Net.
13:40 of 3rd period - Wrist shot by Gabriel Bourque.
13:40 of 3rd period - Shot Blocked by Kevin Marshall.
14:57 of 3rd period - Penalty to Mason Raymond is over, Mason Raymond is back on ice.
16:02 of 3rd period - Icing by Nicolas Deslauriers.
16:03 of 3rd period - Cody Hodgson wins face-off versus Kyle Brodziak in Senators zone.
16:08 of 3rd period - Kyle Brodziak is hit by Shane Sims and loses puck.
16:33 of 3rd period - Matt Frattin is hit by Rickard Rakell and loses puck.
16:41 of 3rd period - Minor Penalty to Nicolas Deslauriers for Tripping.
16:42 of 3rd period - Sergei Kostitsyn wins face-off versus Kyle Brodziak in Senators zone.
16:42 of 3rd period - Sergei Kostitsyn is hit by Brett Lebda.
16:54 of 3rd period - Wrist shot by Mason Raymond.
16:54 of 3rd period - Shot Misses the Net.
16:56 of 3rd period - Slapshot by Brett Lebda.
16:56 of 3rd period - Shot Misses the Net.
16:58 of 3rd period - Snap shot by Mason Raymond.
16:58 of 3rd period - Goal by Mason Raymond - Saguenéens : 5 - Senators : 2.
16:59 of 3rd period - Cody Hodgson wins face-off versus Kyle Brodziak in neutral zone.
16:59 of 3rd period - Minor Penalty to Logan Stephenson for Cross-checking.
17:00 of 3rd period - Kyle Brodziak wins face-off versus Sergei Kostitsyn in Senators zone.
17:11 of 3rd period - Slapshot by Mason Raymond.
17:11 of 3rd period - Goal by Mason Raymond - Saguenéens : 6 - Senators : 2.
17:12 of 3rd period - Cody Hodgson wins face-off versus Kyle Brodziak in neutral zone.
17:44 of 3rd period - Slapshot by Shane Sims.
17:44 of 3rd period - Shot Misses the Net.
17:46 of 3rd period - Snap shot by Josh Hennessy.
17:46 of 3rd period - Shot Blocked by Spencer Machacek.
17:48 of 3rd period - Snap shot by Josh Hennessy.
17:48 of 3rd period - Shot Blocked by Roman Josi.
18:10 of 3rd period - Matt Frattin is hit by Juraj Mikus and loses puck.
18:23 of 3rd period - Slapshot by Patrick Wey.
18:23 of 3rd period - Deflect By Stanislav Chistov.
18:23 of 3rd period - Stopped by Mike Smith with a rebound.
18:25 of 3rd period - Wrist shot by Sergei Kostitsyn.
18:25 of 3rd period - Stopped by Mike Smith without a rebound.
18:26 of 3rd period - Cody Hodgson wins face-off versus Kyle Brodziak in Saguenéens zone.
18:31 of 3rd period - Snap shot by Stanislav Chistov.
18:31 of 3rd period - Shot Blocked by Tyler Kennedy.
19:30 of 3rd period - Slapshot by Shane Sims.
19:30 of 3rd period - Stopped by Mike Smith with a rebound.
19:32 of 3rd period - Snap shot by Shane Sims.
19:32 of 3rd period - Shot Blocked by Luke Witkowski.
19:34 of 3rd period - Wrist shot by Andy Hilbert.
19:34 of 3rd period - Shot Blocked by Rickard Rakell.
19:42 of 3rd period - Slapshot by Andy Hilbert.
19:42 of 3rd period - Stopped by Mike Smith with a rebound.
Goals for this period are 3 for Saguenéens vs 1 for Senators.
Shots for this period are 11 for Saguenéens vs 9 for Senators.
Back to the Top